 Dungeon Crawl Stone Soup version 0.27.0-1-g7a089689b8 (webtiles) character file.

Game seed: 17273936029535817832

3 HoaS the Twirler (level 1, 0/12 HPs)
             Began as a Gargoyle Gladiator on Aug 6, 2021.
             Killed from afar by a dart slug (4 damage)
             ... with a slug dart
             ... on level 1 of the Dungeon.
             The game lasted 00:00:45 (178 turns).

HoaS the Twirler (Gargoyle Gladiator)                Turns: 178, Time: 00:00:45

Health: 0/12       AC:  6    Str: 17    XL:     1   Next: 50%
Magic:  1/1        EV: 12    Int:  8    God:
Gold:   0          SH:  0    Dex: 11    Spells: 0/0 levels left

rFire    . . .     SeeInvis .   a - +0 quarterstaff
rCold    . . .     Faith    .   (shield currently unavailable)
rNeg     + . .     Spirit   .   b - +0 leather armour
rPois    ∞         Reflect  .   c - +0 helmet
rElec    +         Harm     .   (no cloak)
rCorr    .         Rampage  .   (no gloves)
Will     .....                  (no boots)
Stlth    +.........             (no amulet)
HPRegen  0.04/turn              (no ring)
MPRegen  0.07/turn              (no ring)

@: no status effects
A: sickness immunity, AC +2, negative energy resistance 1, electricity
resistance, torment resistance 1, petrification resistance
a: no special abilities


You were on level 1 of the Dungeon.
You visited 1 branch of the dungeon, and saw 1 of its levels.

Inventory:

Hand Weapons
 a - a +0 quarterstaff (weapon)
Missiles
 d - 3 throwing nets (quivered)
Armour
 b - a +0 leather armour (worn)
 c - a +0 helmet (worn)
Potions
 e - 2 potions of mutation {unknown}


   Skills:
 - Level 2.1 Fighting
 + Level 3.2 Staves
 - Level 1.7 Throwing
 - Level 2.4 Dodging


You couldn't memorise any spells.
You didn't know any spells.
Your spell library was empty.

Dungeon Overview and Level Annotations

Branches:
Dungeon (1/15)

Altars:

Shops:
D:1 ?


Innate Abilities, Weirdness & Mutations

You are immune to sickness and miasma.
Your stone body is resilient. (AC +2)
You are immune to poison.
You resist negative energy. (rN+)
You are resistant to electric shocks. (rElec)
You are resistant to unholy torment.
You are immune to petrification.


Message History

e - 2 sedimented silvery potions You see here a human skeleton.
A kobold comes into view. It is wielding a +0 short sword.
The kobold shouts!
A kobold is nearby!
You hit the kobold.
You kill the kobold!
No target in view!
You see here a +0 short sword.
You open the door.
There is an open door here.
Found Jelamaw's Magic Scroll Shop.
There is an entrance to Jelamaw's Magic Scroll Shop here.
You can access your shopping list by pressing '$'.
A hobgoblin comes into view.
Found a stone staircase leading down.
The hobgoblin shouts!
The hobgoblin hits you but does no damage.
You hit the hobgoblin but do no damage. The hobgoblin barely misses you.
You closely miss the hobgoblin. The hobgoblin misses you.
You hit the hobgoblin but do no damage.
The hobgoblin hits you but does no damage.
You sock the hobgoblin!
You kill the hobgoblin!
No target in view!
You open the door.
There is an open door here.
Found a robe.
An endoplasm and a dart slug come into view.
The endoplasm quivers.
The endoplasm freezes you.
You are frozen.
You hit the endoplasm but do no damage. The endoplasm freezes you.
You are frozen.
You thump the endoplasm!
You kill the endoplasm!
The dart slug launches a dart at you. The slug dart hits you.
You die...

#........# #.# #.#
+........# #.# #.#
#........#####.# #.#
#........+.....# #.#
###........##...#####.#
.................'.....#
...#........>#...####♣♣♣
.............#...#
.......@.....#...#
+#....w#.....#...#
#.....#.....#####
..[....#.....#
##.....#.....#
.......#.##### #..÷÷..
.......... #.8..8.
.#######.# #...... #.. .
#......


You could see a dart slug.

Vanquished Creatures
  An endoplasm (D:1)
  A hobgoblin (D:1)
  A kobold (D:1)
3 creatures vanquished.

Notes
Turn   | Place    | Note
-------+----------+-------------------------------------------
     0 | D:1      | HoaS the Gargoyle Gladiator began the quest for the Orb.
     0 | D:1      | Reached XP level 1. HP: 12/12 MP: 1/1
   135 | D:1      | Found Jelamaw's Magic Scroll Shop.
   178 | D:1      | Killed from afar by a dart slug

Illustrated notes

Levels and vault maps discovered:
D:1:      giann_forest_graveyard, layout_basic, serial_shops,
          nicolae_shop_competitors_out_of_business, nicolae_diamond_shop,
          nicolae_shop_trees

Action                   || total
-------------------------++-------
Melee: Quarterstaff      ||     7
Armor: Leather armour    ||     2
Dodge: Dodged            ||     2
